 Dungeon Crawl Stone Soup version 0.31-a0-971-g75a2e9a4b4 (webtiles) character file.

Game seed: 1949017346599146814

499 horus123 the Magician (level 6, -3/32 HPs)
             Began as a Deep Elf Earth Elementalist on Oct 29, 2023.
             Was a Follower of Dithmenos.
             Slain by an orc wizard
             ... wielding a +0 dagger
              (4 damage)
             ... on level 8 of the Dungeon.
             The game lasted 00:08:47 (3820 turns).

horus123 the Magician (Deep Elf Earth Elementalist) Turns: 3820, Time: 00:08:48

Health: -3/32      AC:  4    Str:  7    XL:     6   Next: 94%
Magic:  18/18      EV: 13    Int: 22    God:    Dithmenos [*.....]
Gold:   278        SH:  0    Dex: 21    Spells: 2/19 levels left

rFire   . . .        p - +1 long sword (flame)
rCold   + . .        (no shield)
rNeg    . . .        a - +0 robe
rPois   +            (no helmet)
rElec   .            (no cloak)
rCorr   .            z - +0 pair of gloves
SInv    .            q - +0 pair of boots
Will    .....        (no amulet)
Stlth   +++          g - ring "Docsag Hoi" {rPois Str+2 Dex+6}
HPRegen 0.25/turn    f - ring of protection from cold
MPRegen 0.16/turn

%: no passive effects
@: wreathed by umbra
A: no striking features
a: Renounce Religion


You were on level 8 of the Dungeon.
You worshipped Dithmenos.
Dithmenos was aware of your devotion.
You visited 1 branch of the dungeon, and saw 6 of its levels.

You collected 278 gold pieces.

Inventory:

Hand Weapons
 h - a +1 dagger of holy wrath
 p - a +1 long sword of flaming (weapon)
Armour
 a - a +0 robe (worn)
 q - a +0 pair of boots (worn)
 z - a +0 pair of gloves (worn)
Jewellery
 f - a ring of protection from cold (right hand)
 g - the ring "Docsag Hoi" (left hand) {rPois Str+2 Dex+6}
   (You found it on level 2 of the Dungeon)

   [ring of dexterity]

   Str+2:     It affects your strength (+2).
   Dex+6:     It affects your dexterity (+6).
   rPois:     It protects you from poison
 i - a ring of protection from fire
Wands
 m - a wand of iceblast (12)
Scrolls
 e - a scroll of immolation {unknown}
 j - 2 scrolls of enchant weapon {unknown}
 k - 3 scrolls of identify {unknown}
 n - 2 scrolls of acquirement {unknown}
 s - a scroll of revelation {unknown}
 t - a scroll of teleportation {unknown}
 v - a scroll of enchant armour {unknown}
 y - a scroll of blinking {unknown}
Potions
 b - a potion of magic
 c - 2 potions of heal wounds {unknown}
 d - 2 potions of haste {unknown}
 l - 2 potions of degeneration {unknown}
 o - 2 potions of mutation {unknown}
 r - a potion of enlightenment {unknown}
 u - a potion of invisibility {unknown}
 w - a potion of cancellation {unknown}
 x - a potion of resistance {unknown}


   Skills:
 - Level 2.4 Dodging
 - Level 2.4 Stealth
 - Level 7.0 Spellcasting
 + Level 3.8 Conjurations
 - Level 1.1 Transmutations
 - Level 5.4 Earth Magic


You had 2 spell levels left.
You knew the following spells:

 Your Spells              Type           Power      Damage    Failure   Level
a - Sandblast             Erth           62%        2d14      1%          1
b - Stone Arrow           Conj/Erth      56%        3d10      3%          3
c - Brom's Barrelling Bo  Conj/Erth      28%        2d5       12%         4
d - Searing Ray           Conj           48%        2d6       2%          2
e - Magic Dart            Conj           96%        1d7       1%          1
f - Fulminant Prism       Conj/Hex       8%         3d7       36%         4
g - Blink                 Tloc           14%        N/A       12%         2

Your spell library contained the following spells:

 Spells                   Type           Power      Damage    Failure   Level
 Passwall                 Tmut/Erth      18%        N/A       3%          2
 Petrify                  Tmut/Erth      22%        N/A       22%         4
 Manifold Assault         Tloc           7%         N/A       63%         4


Dungeon Overview and Level Annotations

Branches:
Dungeon (5/15)             Temple (0/1) D:4

Altars:
Dithmenos

Shops:
D:1 ==


Message History

Confirm with . or Enter, or press ? or * to list all spells.
You can't see any susceptible monsters within range! (Use Z to cast anyway.)
Casting: Sandblast (safe; 1% risk of failure)
Confirm with . or Enter, or press ? or * to list all spells.
Aiming: Sandblast (safe; 1% risk of failure)
Press: ? - help, Shift-Dir - straight line Something hits you but does no damage.
Something hits you.
You miss something.
You hear some strange, mumbled words.
You are confused.
You hear some strange, mumbled words.
You are more confused.
You hit the orc. You burn the orc.
The orc is heavily wounded.
The orc barely misses you. Something hits you but does no damage.
You barely miss the orc.
The orc is heavily wounded.
The orc misses you. Something hits you but does no damage.
The orc closely misses you. Something hits you. The orc barely misses you.
Something hits you. The orc attacks as it pursues you!
The orc hits you with a +0 club. Something hits you.
You closely miss the orc.
The orc is heavily wounded.
The orc hits you but does no damage. Something hits you.
* * * LOW HITPOINT WARNING * * *
Okay, then.
You miss something. The orc barely misses you. Something hits you.
* * * LOW HITPOINT WARNING * * *
The orc closely misses you. Something hits you.
* * * LOW HITPOINT WARNING * * *
You closely miss the orc.
The orc is heavily wounded.
You feel less confused. The orc hits you but does no damage.
Something hits you.
* * * LOW HITPOINT WARNING * * *
The orc barely misses you. Something hits you.
You die...

..............#########
..............).......#
.###
...####+#.............#
.... ...#
#..........)..# ....
...# #.............#
.o# ...##
###+##.....######..###
....# #.....#....)....#
...(# #.....#....)....#
....# #..@..#.........#
....###
#...o.#.####..###
......# #....##.## ##
......# #....'...#
....>.# #....#...#
......# #....#####
##....# #........#
.#....# #.....:..#
.#.?... ##+##....#


You could see an orc.

Vanquished Creatures
  An ogre (D:4)
  A phantom (D:4)
  3 jellies (D:4)
  A sleepcap (D:4)
  An iguana (D:5)
  2 orc wizards
  6 adders
  A white imp (D:5)
  A worm (D:2)
  12 orcs
  6 endoplasms
  5 giant cockroaches
  6 goblins
  5 hobgoblins
  11 kobolds
  5 quokkas
  7 ball pythons
  5 bats
  3 frilled lizards
  5 rats
87 creatures vanquished.

Notes
Turn   | Place    | Note
-------+----------+-------------------------------------------
     0 | D:1      | horus123 the Deep Elf Earth Elementalist began the quest
                  | for the Orb.
     0 | D:1      | Reached XP level 1. HP: 10/10 MP: 6/6
   281 | D:1      | Reached skill level 4 in Spellcasting
   281 | D:1      | Reached XP level 2. HP: 15/15 MP: 7/9
   448 | D:1      | Found Wahent's Jewellery Boutique.
   514 | D:1      | Found Wavot's Jewellery Shop.
   973 | D:2      | Reached XP level 3. HP: 19/19 MP: 8/11
  1006 | D:2      | Learned a level 3 spell: Stone Arrow
  1089 | D:2      | Identified the ring "Docsag Hoi" {rPois Str+2 Dex+6}
  1099 | D:2      | Reached skill level 5 in Spellcasting
  1940 | D:3      | Found a shadowy altar of Dithmenos.
  1949 | D:3      | Became a worshipper of Dithmenos the Shadowed
  1985 | D:3      | Reached skill level 6 in Spellcasting
  1985 | D:3      | Reached XP level 4. HP: 24/24 MP: 11/14
  2661 | D:4      | Found a staircase to the Ecumenical Temple.
  2752 | D:4      | Reached skill level 7 in Spellcasting
  2752 | D:4      | Reached XP level 5. HP: 28/28 MP: 12/16
  2802 | D:4      | Noticed a phantom
  2812 | D:4      | Killed a phantom
  2927 | D:4      | Noticed an ogre
  2930 | D:4      | Killed an ogre
  2931 | D:4      | Reached skill level 5 in Earth Magic
  2931 | D:4      | Reached XP level 6. HP: 32/32 MP: 14/18
  2937 | D:4      | Learned a level 4 spell: Brom's Barrelling Boulder
  2965 | D:4      | Reached skill level 1 in Conjurations
  3120 | D:4      | Reached * piety under Dithmenos
  3408 | D:5      | Entered Level 5 of the Dungeon
  3423 | D:5      | Learned a level 2 spell: Searing Ray
  3475 | D:5      | Learned a level 1 spell: Magic Dart
  3480 | D:5      | Learned a level 4 spell: Fulminant Prism
  3483 | D:5      | Learned a level 2 spell: Blink
  3668 | D:5      | You fall into a shaft and drop 3 floors!
  3820 | D:8      | HP: 1/32 [something (4)]
  3820 | D:8      | Slain by an orc wizard

Illustrated notes

Levels and vault maps discovered:
D:1:      amcnicky_arrival_choice, layout_loops_ring, serial_shops,
          nicolae_shop_statue_plus, nicolae_shop_gaudy_bauble,
          chequers_serial_rivers_micro_c
D:2:      layout_basic, nrook_campfire
D:3:      layout_basic, grunt_dithmenos_smoke, minmay_misc_feat_roman,
          chequers_serial_rivers_large_a
D:4:      layout_basic, minmay_temple_entry_slanted, kennysheep_path_1
D:5:      layout_cave_pools, uniq_sigmund
D:8:      layout_gridville, general_overflow_altar, mainiacjoe_overflow_alcove_4

Skill      XL: |  1  2  3  4  5  6 |
---------------+-------------------+-----
Spellcasting   | 4 6 7 |  7.0
Earth Magic    | 5 |  5.4
Conjurations   | 3 |  3.8
Dodging        | |  2.4
Stealth        | |  2.4
Transmutations | |  1.1

Action                     |  1- 3 |  4- 6 || total
---------------------------+-------+-------++-------
  Melee: Long sword        |       |    12 ||    12
   Cast: Sandblast         |    59 |    71 ||   130
 Armour: Robe              |     9 |    34 ||    43
  Dodge: Dodged            |     7 |    31 ||    38

Table legend: (Time is in decaauts)
 A = Elapsed time spent in this place.
 B = Non-inter-level travel time spent in this place.
 C = Inter-level travel time spent in this place.
 D = Time resting spent in this place.
 E = Time spent auto-exploring this place.
 F = Levels seen in this place.
 G = Mean time per level.
                   A        B        C        D        E       F      G
               +--------+--------+--------+--------+--------+-----+--------+
         Total |   3898 |   3815 |     83 |      0 |   3057 |   6 |  649.7 |
       Dungeon |   3898 |   3815 |     83 |      0 |   3057 |   6 |  649.7 |
               +--------+--------+--------+--------+--------+-----+--------+

Top non-repeatable levels by time:
     D:2: 996 daAuts
     D:1: 968 daAuts
     D:4: 873 daAuts
     D:3: 635 daAuts
     D:5: 267 daAuts
     D:8: 156 daAuts
